 Dungeon Crawl Stone Soup version 0.30-a0-852-g08b95dd62f (webtiles) character file.

Game seed: 407237725599830128

122 Firecrotchwizard the Magician (level 5, -1/40 HPs)
             Began as a Djinni Fire Elementalist on Mar 4, 2023.
             Slain by a jelly (3 damage)
             ... on level 2 of the Dungeon.
             The game lasted 00:05:29 (2164 turns).

Firecrotchwizard the Magician (DjFE)                Turns: 2164, Time: 00:05:29

Health: -1/40      AC: -6    Str:  9    XL:     5   Next: 27%
Gold:   60         EV: 12    Int: 16    God:
                   SH:  0    Dex: 14

rFire   + + +      SeeInvis .    d - +0 dagger (venom)
rCold   x . .      Faith    .    (no shield)
rNeg    . . .      Spirit   .    p - +0 robe {Will+}
rPois   ∞          Reflect  .    (no helmet)
rElec   .          Rampage  .    (no cloak)
rCorr   .                        (no gloves)
Will    +....                    (boots unavailable)
Stlth   ++                       (no amulet)
HPRegen 0.26/turn                F - ring of protection from fire {rF+, !d}
MPRegen 0.00/turn                (no ring)

@: corroded, flying
A: sickness immunity, fire resistance 2, cold vulnerability 1, float, innate
caster, HP casting, extra vitality 1
a: no special abilities


You were on level 2 of the Dungeon.
You visited 1 branch of the dungeon, and saw 2 of its levels.

You collected 60 gold pieces.

Inventory:

Hand Weapons
 d - a +0 dagger of venom (weapon)
   (You took it off a kobold on level 1 of the Dungeon)
Missiles
 j - 6 boomerangs
 s - 43 stones (quivered)
Armour
 a - a +0 robe
 b - +0 shadow dragon scales
   (You found it on level 1 of the Dungeon)
 e - a +0 ring mail of cold resistance
   (You found it on level 1 of the Dungeon)
 p - a +0 robe of willpower (worn)
   (You took it off Jessica on level 2 of the Dungeon)
Magical Staves
 h - a staff of conjuration
   (You found it on level 1 of the Dungeon)
Jewellery
 F - a ring of protection from fire (left hand) {rF+, !d}
   (You found it on level 2 of the Dungeon)
Scrolls
 c - a scroll of teleportation {unknown}
 m - 2 scrolls of identify {unknown}
 n - 3 scrolls of enchant weapon {unknown}
 o - a scroll of enchant armour {unknown}
 r - a scroll of silence {unknown}
 t - a scroll of fear {unknown}
Potions
 f - a potion of mutation {unknown}
 g - 2 potions of curing {unknown}
 i - 2 potions of degeneration {unknown}
 k - a potion of invisibility {unknown}
 l - 2 potions of flight {unknown}
 q - a potion of haste {unknown}


   Skills:
 + Level 2.9 Fighting
 - Level 2.3 Dodging
 - Level 1.7 Stealth
 + Level 3.4 Spellcasting


You knew the following spells:

 Your Spells              Type           Power      Damage    Failure   Level
a - Foxfire               Conj/Fire      52%        2x1d6     4%          1
b - Scorch                Fire           26%        2d6       7%          2
c - Kindle Blastsparks    Fire/Tloc/Air  26%        2d12      13%         3
d - Inner Flame           Hex/Fire       13%        N/A       13%         3
e - Flame Wave            Conj/Fire      13%        2d6       41%         4
f - Sting                 Tmut/Pois      52%        1d5       4%          1
g - Wereblood             Tmut           13%        N/A       7%          2
Your spell library was empty.

Dungeon Overview and Level Annotations

Branches:
Dungeon (2/15)

Altars:


Innate Abilities, Weirdness & Mutations

You are immune to sickness and miasma.
You are immune to poison.
Your flesh is very heat resistant. (rF++)
You are vulnerable to cold. (rC-)
You float through the air rather than walking.
You learn spells naturally, not from books.
Your magical power is your life essence.
You have superior vitality. (+4 MHP)


Message History

You conjure some foxfire!
The jelly quivers.
You take 1 damage, and have 33/34 hp.
You conjure some foxfire!
The foxfire hits the jelly. x2
You take 1 damage, and have 32/34 hp.
You conjure some foxfire!
The foxfire hits the jelly. x2
You conjure some foxfire!
The foxfire hits the jelly.
You kill the jelly!
You have reached level 5!
The power to cast Wereblood wells up from within.
Spell assigned to 'g'.
You regained 4 hp, and now have 36/40 hp.
You start resting.
An endoplasm comes into view.
You regained 3 hp, and now have 39/40 hp.
You need no library to learn spells.
You conjure some foxfire!
You take 1 damage, and have 38/40 hp.
Okay, then.
You conjure some foxfire!
The foxfire hits the endoplasm but does no damage.
You take 1 damage, and have 37/40 hp.
You can't see any susceptible monsters within range! (Use Z to cast anyway.)
You conjure some foxfire!
The foxfire hits the endoplasm. x3
You kill the endoplasm!
You take 1 damage, and have 36/40 hp.
Partly explored, can't reach some places.
Health restored: 40 You start waiting.
Done waiting.
Partly explored, can't reach some places.
There is an open door here.
An endoplasm comes into view.
You conjure some foxfire!
You take 1 damage, and have 39/40 hp.
The foxfire hits the endoplasm.
Health restored: 40 You conjure some foxfire!
The endoplasm barely misses you.
You take 1 damage, and have 39/40 hp.
You hit the endoplasm. The endoplasm hits you.
You take 2 damage, and have 37/40 hp.
There is an open door here.
You conjure some foxfire!
The endoplasm freezes you.
You are frozen.
You feel a terrible chill!
You take 4 damage, and have 34/40 hp.
You hit the endoplasm but do no damage.
The foxfire hits the endoplasm but does no damage.
The foxfire hits the endoplasm.
The endoplasm freezes you.
You are frozen.
You feel a terrible chill!
You take 3 damage, and have 31/40 hp.
You conjure some foxfire!
The endoplasm freezes you.
You are frozen.
You feel a terrible chill!
You take 7 damage, and have 24/40 hp.
You hit the endoplasm.
You kill the endoplasm!
You start resting.
Health restored: 40
There is an open door here.
You see here a +0 club.
Really fly into a travel-excluded area?
An endoplasm comes into view.
The endoplasm moves out of view. 2 endoplasms come into view.
The endoplasm quivers. x2; The jelly quivers.
There is an open door here.
You conjure some foxfire!
You take 1 damage, and have 39/40 hp.
You conjure some foxfire!
The foxfire hits the endoplasm. x2
You take 1 damage, and have 38/40 hp.
Flames lash the jelly.
The jelly's fire resistance burns away.
The foxfire hits the endoplasm.
You kill the endoplasm!
The foxfire hits the endoplasm.
You kill the endoplasm!
You take 2 damage, and have 36/40 hp.
You conjure some foxfire!
The jelly hits you.
You are splashed with acid!
You take 12 damage, and have 24/40 hp.
MASSIVE DAMAGE!!
You hit the jelly.
Your hands burn!
The foxfire hits the jelly.
The jelly is burned terribly!
The foxfire hits the jelly.
The jelly hits you. The acid corrodes you!
You are splashed with acid!
* * * LOW HITPOINT WARNING * * *
You take 12 damage, and have 12/40 hp.
MASSIVE DAMAGE!!
You conjure some foxfire!
* * * LOW HITPOINT WARNING * * *
The jelly hits you.
* * * LOW HITPOINT WARNING * * *
The acid corrodes you!
You are splashed with acid.
* * * LOW HITPOINT WARNING * * *
You take 10 damage, and have 2/40 hp.
MASSIVE DAMAGE!!
The jelly attacks as you move away! The jelly hits you.
You die...

.........# ##########...##
.........##?....÷##.#########..#
.......#.##...÷..#.#.#....###..#
>......#.##..÷...#)#.#.....##.[#
........>##......#.#'#.....)'..##
.........##..÷...#.#........)...#
.........##......#.#........)...#
.....#)#.##....J.#.#.......##.#)#
.#####)..##.÷..v@'##......#####.#
.# #...##....v.############[...
## #...######### #######.....
#...#############...........
#..........#................
#..........#................
#..........#................
############................
#..........######


You could see a jelly (combustible, ally target).

Vanquished Creatures
  A jelly (D:2)
  Jessica (D:2)
  A gnoll (D:1)
  2 worms (D:2)
  A dart slug (D:1)
  6 bats (D:1)
  12 endoplasms
  A giant cockroach (D:1)
  4 goblins
  2 hobgoblins (D:2)
  9 kobolds
  A quokka (D:2)
  2 ball pythons (D:1)
  2 frilled lizards
  4 rats
49 creatures vanquished.

Vanquished Creatures (others)
  129 foxfires
  7 fungi (D:2)
  10 toadstools (D:2)
146 creatures vanquished.

Grand Total: 195 creatures vanquished

Notes
Turn   | Place    | Note
-------+----------+-------------------------------------------
     0 | D:1      | Firecrotchwizard the Djinni Fire Elementalist began the
                  | quest for the Orb.
     0 | D:1      | Firecrotchwizard set off with the following spells
                  | memorised: Foxfire, Scorch, Kindle Blastsparks, Inner
                  | Flame, Flame Wave.
     0 | D:1      | Reached XP level 1. HP: 15/15 MP: 0/0
   206 | D:1      | Reached XP level 2. HP: 18/21 MP: 0/0
   358 | D:1      | Reached skill level 1 in Fighting
   520 | D:1      | Found a faded altar of an unknown god.
   648 | D:1      | Reached XP level 3. HP: 25/27 MP: 0/0
   648 | D:1      | Learned a level 1 spell: Sting
  1047 | D:2      | Noticed Jessica
  1053 | D:2      | Killed Jessica
  1054 | D:2      | Reached skill level 2 in Fighting
  1054 | D:2      | Reached skill level 3 in Spellcasting
  1054 | D:2      | Reached XP level 4. HP: 29/33 MP: 0/0
  1945 | D:2      | Reached XP level 5. HP: 36/40 MP: 0/0
  1945 | D:2      | Learned a level 2 spell: Wereblood
  2163 | D:2      | HP: 8/40 [jelly (3)]
  2163 | D:2      | HP: 2/40 [acid (6)]
  2164 | D:2      | Slain by a jelly

Illustrated notes

Levels and vault maps discovered:
D:1:      dpeg_arrival_three_same_balls, layout_loops_ring,
          hellmonk_ecumenical_altar_inner_sanctum
D:2:      cheibrodos_fertilizer, layout_rooms, kennysheep_generic_room_7,
          uniq_jessica

Skill      XL: |  1  2  3 |
---------------+----------+-----
Fighting       | 1 2 |  2.9
Spellcasting   | 3 |  3.4
Dodging        | |  2.3
Stealth        | |  1.7

Action                     |  1- 3 |  4- 6 || total
---------------------------+-------+-------++-------
  Melee: Dagger            |    23 |    14 ||    37
         Punch             |     1 |       ||     1
   Cast: Foxfire           |    26 |    47 ||    73
         Scorch            |     2 |     3 ||     5
   Stab: Sleeping          |     6 |       ||     6
 Armour: Robe              |     3 |     2 ||     5
  Dodge: Dodged            |     9 |    10 ||    19

Table legend: (Time is in decaauts)
 A = Elapsed time spent in this place.
 B = Non-inter-level travel time spent in this place.
 C = Inter-level travel time spent in this place.
 D = Time resting spent in this place.
 E = Time spent auto-exploring this place.
 F = Levels seen in this place.
 G = Mean time per level.
                   A        B        C        D        E       F      G
               +--------+--------+--------+--------+--------+-----+--------+
         Total |   2162 |   2098 |     64 |    453 |   1300 |   2 | 1081.0 |
       Dungeon |   2162 |   2098 |     64 |    453 |   1300 |   2 | 1081.0 |
               +--------+--------+--------+--------+--------+-----+--------+

Top non-repeatable levels by time:
     D:2: 1329 daAuts
     D:1: 833 daAuts

Table legend:
 A = Kills in this place as a percentage of kills in the entire game.
 B = Kills by you in this place as a percentage of kills by you in the entire game.
 C = Kills by friends in this place as a percentage of kills by friends in the entire game.
 D = Other kills in this place as a percentage of other kills in the entire game.
 E = Experience gained in this place as a percentage of experience gained in the entire game.
 F = Experience gained in this place divided by the number of levels of this place that you have seen.
                   A       B       C       D       E      F
               +-------+-------+-------+-------+-------+----------------------
         Total | 100.0 | 100.0 |   N/A |   N/A | 100.0 |  87.5
       Dungeon | 100.0 | 100.0 |   N/A |   N/A | 100.0 |  87.5
               +-------+-------+-------+-------+-------+----------------------
